 Dungeon Crawl Stone Soup version 0.24-a0-434-gd57e52fea8 (webtiles) character file.

Game seed: 5107361540618261795

22678 Engwar the Thaumaturge (level 12, -1/81 HPs)
             Began as a Black Draconian Fire Elementalist on June 15, 2019.
             Was an Elder of Vehumet.
             Slain by an eight-headed hydra (17 damage)
             ... on level 4 of the Lair of Beasts on June 16, 2019.
             The game lasted 01:40:30 (15392 turns).

Engwar the Thaumaturge (DrFE)                      Turns: 15392, Time: 01:40:30

Health: -1/81      AC: 16    Str: 11    XL:     12   Next: 65%
Magic:  18/27      EV: 17    Int: 20    God:    Vehumet [****..]
Gold:   563        SH:  5    Dex: 12    Spells: 4/33 levels left

rFire    . . .     SeeInvis .   a - +2 whip (drain)
rCold    . . .     Gourm    .   r - +0 buckler
rNeg     . . .     Faith    .   (armour unavailable)
rPois    .         Spirit   .   (helmet restricted)
rElec    +         Reflect  .   u - +0 cloak
rCorr    .         Harm     .   B - +0 pair of gloves
MR       .....                  A - +0 pair of boots
Stlth    ++........             d - amulet of the acrobat
HPRegen  0.23/turn              I - +5 ring of protection
MPRegen  0.20/turn              y - +2 ring of evasion

@: no status effects
A: breathe lightning, unfitting armour, electricity resistance, cold-blooded, AC
+8
a: Breathe Lightning, Renounce Religion


You were on level 4 of the Lair of Beasts.
You worshipped Vehumet.
Vehumet was greatly pleased with you.
You were not hungry.

You visited 2 branches of the dungeon, and saw 15 of its levels.

You collected 769 gold pieces.
You spent 206 gold pieces at shops.

Inventory:

Hand Weapons
 a - a +2 whip of draining (weapon)
 b - a +0 hunting sling
 n - a +1 dagger of holy wrath
Missiles
 g - 4 curare-tipped darts (quivered)
 q - 151 sling bullets
Armour
 r - a +0 buckler (worn)
 u - a +0 cloak (worn)
 w - a scarf of cloud immunity
 A - a +0 pair of boots (worn)
 B - a +0 pair of gloves (worn)
Magical Staves
 C - an uncursed staff of power
Jewellery
 d - an amulet of the acrobat (around neck)
 e - an uncursed ring of flight
 k - an uncursed ring of see invisible
 y - a +2 ring of evasion (right hand)
 I - a +5 ring of protection (left hand)
 M - an uncursed ring of wizardry
Wands
 s - a wand of paralysis (15)
 x - a wand of scattershot (18)
 E - a wand of acid (8)
 G - a wand of polymorph (4)
 K - a wand of disintegration (18)
Scrolls
 c - 11 scrolls of remove curse
 i - 5 scrolls of teleportation
 v - 2 scrolls of magic mapping
 F - 4 scrolls of identify
 J - 2 scrolls of fog
Potions
 f - a potion of might
 h - 4 potions of heal wounds
 j - 3 potions of lignification
 l - 3 potions of flight
 m - 2 potions of haste
 o - 4 potions of agility
 p - 3 potions of invisibility
 z - 5 potions of curing
 D - 3 potions of magic
 H - a potion of mutation
Comestibles
 t - 29 rations
 L - 6 chunks of flesh


   Skills:
 - Level 6.3 Dodging
 - Level 1.7 Stealth
 - Level 4.0 Shields
 + Level 11.4 Spellcasting
 - Level 10.0 Conjurations
 - Level 3.7 Charms
 - Level 4.1 Necromancy
 - Level 3.0 Translocations
 - Level 10.0 Fire Magic
 - Level 4.0 Air Magic


You had 4 spell levels left.
You knew the following spells:

 Your Spells              Type           Power        Failure   Level  Hunger
a - Flame Tongue          Conj/Fire      #####        1%          1    None
b - Dazzling Spray        Conj/Hex       ####..       1%          3    None
c - Conjure Flame         Conj/Fire      ######..     1%          3    None
d - Sticky Flame          Conj/Fire      ######..     1%          4    ##.....
e - Fireball              Conj/Fire      ######....   1%          5    ####...
f - Apportation           Tloc           ###...       1%          1    None
g - Regeneration          Chrm/Necr      ####......   3%          3    None
h - Mephitic Cloud        Conj/Pois/Air  ####....     1%          3    None
i - Blink                 Tloc           N/A          2%          2    None
j - Airstrike             Air            ####......   3%          4    ##.....

Your spell library contained the following spells:

 Spells                   Type           Power        Failure   Level  Hunger
 Iron Shot                Conj/Erth      ####......   28%         6    ######.
 Animate Skeleton         Necr           N/A          1%          1    None
 Pain                     Necr           ####         1%          1    None
 Throw Flame              Conj/Fire      ######       1%          2    None
 Inner Flame              Hex/Fire       ####....     1%          3    None
 Shroud of Golubria       Chrm/Tloc      ####..       2%          2    None
 Vampiric Draining        Necr           ####......   3%          3    None
 Gell's Gravitas          Tloc           ###.......   5%          3    None
 Lesser Beckoning         Tloc           ###.......   5%          3    None
 Teleport Other           Tloc           ###.....     5%          3    None
 Confusing Touch          Hex            ##....       6%          1    None
 Summon Small Mammal      Summ           ##..         6%          1    None
 Call Imp                 Summ           ##......     9%          2    None
 Animate Dead             Necr           N/A          11%         4    ##.....
 Passage of Golubria      Tloc           N/A          17%         4    ##.....
 Call Canine Familiar     Summ           ##......     19%         3    None
 Summon Guardian Golem    Hex/Summ       ##......     19%         3    None
 Summon Lightning Spire   Summ/Air       ###.....     26%         4    ##.....
 Summon Ice Beast         Ice/Summ       ##......     52%         4    ##.....


Dungeon Overview and Level Annotations

Branches:
Dungeon (11/15)            Temple (0/1) D:5            Lair (4/6) D:10
  Swamp (0/4) Lair:4       Spider (0/4) Lair:4
    Orc: D:9-12

Altars:
Ashenzari
Cheibriados
Dithmenos
Fedhas
Kikubaaqudgha
Qazlal
Sif Muna
Trog
Vehumet
The Shining One
Beogh

Shops:
D:6 [   D:10 (

Annotations:
D:5 1 runed translucent door
D:7 3 runed translucent doors, Thantalas's ghost, novice GnFi


Innate Abilities, Weirdness & Mutations

You can breathe wild blasts of lightning.
Your glossy black scales are hard. (AC +8)
You cannot fit into any form of body armour.
You are resistant to electric shocks. (rElec)
You are cold-blooded and may be slowed by cold attacks.


Message History

The eight-headed hydra barely misses you.
The eight-headed hydra bites you.
Unknown command.
Unknown command.
You hit the eight-headed hydra.
The eight-headed hydra is heavily wounded.
The eight-headed hydra burns!
The blink frog burns!
You kill the blink frog!
Vehumet accepts your kill.
You feel your power returning.
The eight-headed hydra is engulfed in blazing flames.
The eight-headed hydra bites you.
The eight-headed hydra barely misses you.
The eight-headed hydra bites you but does no damage.
The eight-headed hydra bites you!
You block the eight-headed hydra's attack.
The eight-headed hydra bites you! x2
* * * LOW HITPOINT WARNING * * *
The eight-headed hydra bites you!
You die...

........# ##.## # #..## #
###.#...####...###.####.#.###
#####..##..................
#...##..##..#.#........
#.#.###.# ##.####....[.
##.####..# # #....... #...#
#..# #####......
##.#...###..#####..........
.....F..§FD@.†..............
.........#####..##..#...#..#
.........# #...####.##.#P#
.....)...# #..## ##.######
.........# #..## #..# #.
.........# #...# #..## #.
.........# ##..# ##..## ##
........# ##.## #..P# # #...#
#.###


You could see an eight-headed hydra (burning) and a blink frog.

Vanquished Creatures
  2 hydras
  An orb spider (Lair:4)
  9 elephants
  A black mamba (Lair:1)
  Joseph (D:7)
  Maurice (D:8)
  4 spiny frogs
  4 komodo dragons
  2 dream sheep (D:8)
  10 blink frogs
  A hippogriff (D:9)
  A wraith (D:10)
  32 yaks
  2 basilisks
  3 porcupines
  8 water moccasins
  Duvessa (D:6)
  3 ice beasts
  2 sky beasts
  A black bear (D:10)
  A phantom (D:7)
  An eye of draining (D:10)
  5 centaurs
  2 ogres
  18 wolves
  9 crocodiles
  4 big kobolds
  12 bullfrogs
  A wyvern zombie (D:10)
  Dowan (D:6)
  2 scorpions
  A water moccasin zombie (D:10)
  3 killer bees (D:10)
  A wight (D:7)
  2 howler monkeys (D:10)
  4 crimson imps
  A bullfrog zombie (D:5)
  A quasit (D:8)
  9 hounds
  3 orc priests
  3 jellies
  2 bullfrog skeletons
  A gnoll shaman (D:8)
  3 iguanas
  An orc wizard (D:9)
  11 worker ants
  A hound skeleton (D:9)
  A worker ant zombie (D:7)
  6 gnolls
  10 adders
  A howler monkey skeleton (D:7)
  A shadow imp (D:6)
  An ooze (D:1)
  An adder skeleton (D:6)
  An adder zombie (D:7)
  4 worms
  3 leopard geckos
  25 orcs
  5 giant cockroaches
  7 goblins
  6 hobgoblins
  12 jackals
  9 kobolds
  2 quokkas
  4 bats
  6 frilled lizards
  A leopard gecko skeleton (D:3)
  13 rats
  A fungus (Lair:1)
312 creatures vanquished.

Vanquished Creatures (others)
  A bush (Lair:4)
  14 fungi (Lair:4)
  6 plants
21 creatures vanquished.

Grand Total: 333 creatures vanquished

Notes
Turn   | Place    | Note
-------+----------+-------------------------------------------
     0 | D:1      | Engwar the Draconian Fire Elementalist began the quest for
                  | the Orb.
     0 | D:1      | Reached XP level 1. HP: 14/14 MP: 3/3
   150 | D:1      | Reached XP level 2. HP: 7/20 MP: 0/5
   154 | D:1      | Learned a level 2 spell: Throw Flame
   575 | D:1      | Reached XP level 3. HP: 26/26 MP: 0/6
   580 | D:1      | Learned a level 3 spell: Conjure Flame
  1835 | D:3      | Reached skill level 1 in Shields
  1908 | D:3      | Reached XP level 4. HP: 33/33 MP: 5/7
  2753 | D:4      | Reached XP level 5. HP: 32/38 MP: 2/8
  3306 | D:4      | Reached XP level 6. HP: 45/45 MP: 4/10
  3312 | D:4      | Learned a level 4 spell: Sticky Flame
  3425 | D:4      | Found a bloodstained altar of Trog.
  3664 | D:4      | Found a snail-covered altar of Cheibriados.
  3664 | D:4      | Found a radiant altar of Vehumet.
  3671 | D:4      | Became a worshipper of Vehumet
  3766 | D:5      | Entered Level 5 of the Dungeon
  3766 | D:5      | Found a staircase to the Ecumenical Temple.
  3833 | D:5      | Found a runed translucent door.
  3833 | D:5      | Found a glowing golden altar of the Shining One.
  3833 | D:5      | Noticed an angel
  4154 | D:6      | Your scales start taking on a glossy black colour.
  4154 | D:6      | Reached XP level 7. HP: 50/50 MP: 3/11
  4154 | D:6      | Gained mutation: You are resistant to electric shocks.
                  | (rElec) [Black Draconian growth]
  4270 | D:6      | Got a pair of faintly glowing boots
  4276 | D:6      | Identified the +1 pair of boots "Wasoffiosm" {rElec Dex+6
                  | Stlth-} (You found it on level 6 of the Dungeon)
  4444 | D:5      | Reached skill level 5 in Conjurations
  4444 | D:5      | Reached skill level 5 in Fire Magic
  4525 | D:5      | Found Imorra's Distillery.
  4631 | D:5      | Reached * piety under Vehumet
  4631 | D:5      | Offered knowledge of Sandblast by Vehumet.
  4741 | D:6      | Found Dacs's Antique Armour Boutique.
  4752 | D:6      | Bought a pair of gloves for 103 gold pieces
  4797 | D:6      | Found a shattered altar of Ashenzari.
  5064 | D:6      | Reached XP level 8. HP: 57/57 MP: 12/12
  5080 | D:6      | Noticed Duvessa
  5080 | D:6      | Noticed Dowan
  5104 | D:6      | Killed Duvessa
  5104 | D:6      | Killed Dowan
  5813 | D:7      | Found a deep blue altar of Sif Muna.
  5954 | D:6      | Bought a cloak for 103 gold pieces
  6244 | D:7      | Noticed Joseph
  6275 | D:7      | Killed Joseph
  6303 | D:7      | Reached XP level 9. HP: 50/62 MP: 7/13
  6331 | D:7      | Found a runed translucent gate.
  6477 | D:7      | Offered knowledge of Sting by Vehumet.
  6782 | D:7      | Reached ** piety under Vehumet
  6846 | D:7      | Reached skill level 3 in Spellcasting
  6968 | D:7      | Found a runed translucent gate.
  6968 | D:7      | Found a runed translucent gate.
  6979 | D:7      | Identified the +7 trident "Duckapp" {pierce, Dex+3}
  6979 | D:7      | Identified the +7 plate armour of Elyvilon's Delight {rPois
                  | rF+ Int+2 Dex-3}
  6980 | D:7      | Noticed Thantalas's ghost (novice GnFi)
  6983 | D:7      | Found a roughly hewn altar of Beogh.
  7201 | D:8      | Found a shadowy altar of Dithmenos.
  7326 | D:8      | Reached skill level 4 in Spellcasting
  7334 | D:8      | Learned a level 5 spell: Fireball
  7355 | D:8      | Learned a level 1 spell: Apportation
  7371 | D:8      | Found a blossoming altar of Fedhas.
  7375 | D:8      | Found an ancient bone altar of Kikubaaqudgha.
  7588 | D:8      | Reached skill level 5 in Spellcasting
  7722 | D:8      | Noticed Maurice
  7806 | D:8      | Killed Maurice
  7806 | D:8      | Reached skill level 6 in Spellcasting
  7813 | D:8      | Learned a level 3 spell: Regeneration
  8078 | D:8      | Reached skill level 1 in Charms
  8078 | D:8      | Reached skill level 1 in Necromancy
  8142 | D:8      | Noticed a three-headed hydra
  8148 | D:8      | Killed a three-headed hydra
  8148 | D:8      | Reached XP level 10. HP: 57/69 MP: 9/19
  8411 | D:9      | Offered knowledge of Dazzling Spray by Vehumet.
  8719 | D:9      | Found a stormy altar of Qazlal.
  8832 | D:10     | Entered Level 10 of the Dungeon
  8852 | D:10     | Found a staircase to the Lair.
  8920 | D:10     | Reached *** piety under Vehumet
  8948 | D:10     | Reached skill level 7 in Spellcasting
  8953 | D:10     | Learned a level 3 spell: Dazzling Spray
  9216 | D:10     | Found Vel Zami's Antique Weapon Boutique.
  9368 | D:10     | Reached skill level 8 in Spellcasting
  9480 | D:10     | Offered knowledge of Mephitic Cloud by Vehumet.
  9485 | D:10     | Learned a level 3 spell: Mephitic Cloud
  9579 | D:10     | Reached skill level 9 in Spellcasting
 10262 | Lair:1   | Entered Level 1 of the Lair of Beasts
 10266 | Lair:1   | Reached XP level 11. HP: 74/74 MP: 18/24
 10270 | Lair:1   | Learned a level 2 spell: Blink
 10447 | D:10     | Reached skill level 10 in Spellcasting
 10488 | D:10     | Reached skill level 1 in Translocations
 10809 | Lair:1   | Reached **** piety under Vehumet
 11092 | Lair:1   | Offered knowledge of Airstrike by Vehumet.
 11098 | Lair:1   | Learned a level 4 spell: Airstrike
 12747 | Lair:3   | Reached skill level 10 in Conjurations
 12747 | Lair:3   | Reached skill level 10 in Fire Magic
 13065 | Lair:2   | Reached XP level 12. HP: 72/81 MP: 17/26
 13353 | Lair:3   | Reached skill level 5 in Dodging
 14027 | Lair:4   | Reached ***** piety under Vehumet
 14043 | Lair:4   | Offered knowledge of Iron Shot by Vehumet.
 14263 | Lair:4   | Noticed an eight-headed hydra
 14659 | Lair:4   | Noticed a four-headed hydra
 14670 | Lair:4   | Killed a four-headed hydra
 14746 | Lair:4   | Found a hole to the Spider Nest.
 14878 | Lair:4   | Reached skill level 11 in Spellcasting
 15208 | Lair:4   | Found a staircase to the Swamp.
 15392 | Lair:4   | Slain by an eight-headed hydra

Levels and vault maps discovered:
D:1:      dpeg_arrival_refuge, layout_rooms
D:2:      layout_basic
D:3:      layout_basic
D:4:      layout_loops_ring, gammafunk_temple_overflow_statue,
          trog_butcher_becter
D:5:      layout_cave_pools, minmay_temple_entry_statues, serial_shops,
          nicolae_shop_trees, first_ration, lemuel_angel_altar
D:6:      layout_basic, basic_altar, serial_shops, nicolae_shop_window_shopping,
          nrook_campfire, uniq_duvessa
D:7:      layout_basic, lemuel_doored_altar, biasface_ghost_orc_armoury,
          minmay_alternating_orb, uniq_joseph
D:8:      layout_cave_pools, grunt_temple_overflow_growth_and_decay,
          basic_altar, hangedman_ranch [blue_anna_fruit_fields], uniq_maurice
D:9:      layout_rooms, nicolae_qazlal_general_emergency
D:10:     layout_irregular_city, lair_entry_dummy, serial_shops,
          nicolae_shop_waterfront
D:11:     layout_roguey, orc_0_dummy, enter_trove_3, lemuel_hellish_altar
Lair:1:   layout_long_grid, grunt_megastairs_3
Lair:2:   layout_cave_pods
Lair:3:   layout_misc_corridors
Lair:4:   layout_small_grid, swamp_mist_pool, nicolae_spider_entry_orb_guardian,
          st_stairs_8

Skill      XL: |  1  2  3  4  5  6  7  8  9 10 11 12 |
---------------+-------------------------------------+-----
Conjurations   | 2 3 4 5 7 8 10 | 10.0
Shields        | 1 3 4 |  4.0
Fire Magic     | 4 5 7 8 10 | 10.0
Spellcasting   | 6 9 10 11 | 11.4
Charms         | 3 |  3.7
Necromancy     | 4 |  4.1
Translocations | 3 |  3.0
Air Magic      | 4 |  4.0
Dodging        | 3 6 |  6.3
Stealth        | |  1.7

Action                   |  1- 3 |  4- 6 |  7- 9 | 10-12 || total
-------------------------+-------+-------+-------+-------++-------
Melee: Dagger            |    31 |     4 |    99 |    67 ||   201
       Tailslap          |     5 |     9 |    34 |    53 ||   101
       Whip              |    12 |   100 |   146 |   266 ||   524
 Fire: Hunting sling     |       |    22 |    29 |    81 ||   132
Throw: Stone             |     2 |     1 |       |       ||     3
 Cast: Flame Tongue      |    69 |    94 |    72 |    99 ||   334
       Throw Flame       |     1 |       |       |       ||     1
       Sticky Flame      |       |       |    32 |   152 ||   184
       Conjure Flame     |       |       |     3 |     3 ||     6
       Dazzling Spray    |       |       |       |     7 ||     7
       Regeneration      |       |       |       |    14 ||    14
       Blink             |       |       |       |     2 ||     2
       Airstrike         |       |       |       |     4 ||     4
       Mephitic Cloud    |       |       |       |     3 ||     3
       Fireball          |       |       |       |     1 ||     1
  Use: Potion            |     1 |     2 |     1 |       ||     4
       Scroll            |     2 |     8 |     8 |     7 ||    25
 Stab: Sleeping          |     2 |       |       |       ||     2
  Eat: Chunk             |     4 |     8 |    13 |    18 ||    43
       Ration            |       |       |     2 |     5 ||     7
Armor: Skin              |    23 |    35 |    87 |   135 ||   280
Dodge: Dodged            |    56 |    86 |   194 |   371 ||   707
Block: Buckler           |       |    28 |    86 |   124 ||   238

Table legend:
 A = Non-vault XP
 B = Vault XP
 C = Vault XP percentage of total XP
 D = Non-vault monster count
 E = Vault monster count
 F = Vault count percentage of total count
                 A         B        C        D         E       F
            +---------+---------+-------+---------+---------+-------
      Total |   28014 |    4384 |  13.5 |     284 |      27 |   8.7
            +---------+---------+-------+---------+---------+-------
        D:1 |      63 |       0 |   0.0 |      31 |       0 |   0.0
        D:2 |      20 |       0 |   0.0 |       9 |       0 |   0.0
        D:3 |     101 |       0 |   0.0 |      23 |       0 |   0.0
        D:4 |     232 |       6 |   2.5 |      16 |       4 |  20.0
        D:5 |     573 |       0 |   0.0 |      14 |       0 |   0.0
        D:6 |     492 |     224 |  31.3 |      17 |       2 |  10.5
        D:7 |     872 |     712 |  44.9 |      22 |       9 |  29.0
        D:8 |     563 |    2651 |  82.5 |      12 |       9 |  42.9
        D:9 |    1126 |       0 |   0.0 |      20 |       0 |   0.0
       D:10 |    4483 |       0 |   0.0 |      33 |       0 |   0.0
     Lair:1 |    5883 |     103 |   1.7 |      32 |       1 |   3.0
     Lair:2 |    2469 |       0 |   0.0 |      10 |       0 |   0.0
     Lair:3 |    5703 |       0 |   0.0 |      25 |       0 |   0.0
     Lair:4 |    5434 |     688 |  11.2 |      20 |       2 |   9.1
            +---------+---------+-------+---------+---------+-------
